 Dungeon Crawl Stone Soup version 0.30-a0-840-ga523dec638 (webtiles) character file.

Game seed: 15399080277360057398

30 Esekla the Sneak (level 3, 26/26 HPs)
             Began as an Octopode Delver on Mar 2, 2023.
             Quit the game on level 5 of the Dungeon.
             The game lasted 00:04:40 (595 turns).

Esekla the Sneak (Octopode Delver)                   Turns: 595, Time: 00:04:41

Health: 26/26      AC:  1    Str: 11    XL:     3   Next: 18%
Magic:  3/3        EV: 13    Int: 14    God:
Gold:   12         SH:  0    Dex: 13    Spells: 3/3 levels left

rFire   . . .      SeeInvis .    e - +3 long sword of Honour {elec, rN+}
rCold   . . .      Faith    .    (no shield)
rNeg    + . .      Spirit   .    (helmet restricted)
rPois   .          Reflect  .    (no amulet)
rElec   .          Harm     .    (no ring)
rCorr   .          Rampage  .    (no ring)
Will    .....                    (no ring)
Stlth   ++++                     (no ring)
HPRegen 0.24/turn                (no ring)
MPRegen 0.08/turn                (no ring)
                                 (no ring)
                                 (no ring)

@: hasted, very quick
A: almost no armour, amphibious, 8 rings, camouflage 1, gelatinous body 1,
(nimble swimmer 1), tentacles
a: no special abilities


You were on level 5 of the Dungeon.
You visited 2 branches of the dungeon, and saw 2 of its levels.

You collected 12 gold pieces.

Inventory:

Hand Weapons
 a - a +0 falchion
 e - the +3 long sword of Honour (weapon) {elec, rN+}
   (You found it on level 5 of the Dungeon)

   rN:        It protects you from negative energy.
 g - a +0 dagger
Wands
 f - a wand of digging (3)
Scrolls
 b - 2 scrolls of fog
Potions
 c - a potion of attraction {unknown}
 d - a potion of invisibility {unknown}


   Skills:
 * Level 3.2 Fighting
 * Level 2.2 Long Blades
 * Level 2.2 Dodging
 + Level 7.2 Stealth
 * Level 0.5 Spellcasting


You had 3 spell levels left.
You didn't know any spells.
Your spell library was empty.

Dungeon Overview and Level Annotations

Branches:
Dungeon (5/15)             Temple (1/1) D:5

Altars:
Ashenzari
Cheibriados
Fedhas
Hepliaklqana
Kikubaaqudgha
Makhleb
Qazlal
Trog
Uskayaw
Yredelemnul
Zin
The Shining One


Innate Abilities, Weirdness & Mutations

You cannot wear most types of armour.
You are amphibious.
You can wear up to eight rings at the same time.
Your skin changes colour to match your surroundings (Stealth+).
Your rubbery body absorbs attacks. (AC +1, EV +1)
((You are camouflaged when in or above water. (Stealth+)))
You have tentacles for arms and can constrict up to eight enemies at once.


Message History

An iguana is nearby!
A scorpion comes into view.
You start waiting.
An iguana is nearby!
You start waiting.
An orc priest is nearby!
Found a whip.
Found 9 gold pieces.
Found 2 sapphire potions.
An ogre comes into view. It is wielding a +0 giant club.
Found a burning altar of Makhleb.
You see here 9 gold pieces.
You now have 12 gold pieces (gained 9).
Found a robe.
Found a pitted long sword.
An iguana comes into view.
An iguana comes into view.
Found a stone staircase leading down.
Found a stone staircase leading down.
You feel yourself speed up. The iguana misses you.
A hound comes into view.
You see here a +0 robe.
Found a stone staircase leading up.
You see here the +3 long sword of Honour {elec, rN+}.
You hear the crackle of electricity.
e - the +3 long sword of Honour (weapon)
{elec, rN+} You closely miss the iguana.
You grab the iguana.
You constrict the iguana, but do no damage.
The iguana misses you.
You slash the iguana! Lightning courses through the iguana!
You kill the iguana!
Your Stealth skill increases to level 7!
You have reached level 2!
You have reached level 3!
Your experience leads to an increase in your attributes!
Increase (S)trength, (I)ntelligence, or (D)exterity?
You feel clever. x2
Found a blossoming altar of Fedhas.
Are you sure you want to abandon this character and quit the game? (Confirm with "yes".)

*,,,,,,,,,,,,,,,,.....h......##
*,,,,,,,,,,,,,,,,......#.....##
**,,,,,,,,,*,,,,,,...####.....†
*,,,,,,,,,**,,,,,,.....#.......
**,,,**************###..##.....#
*,,,,* #.#.......... **,,,*
♣♣#.##.<..#.#.. *****
♣♣♣♣♣♣........#####.
**♣..@........#.....##
*♣...♣♣♣♣♣............# ♣._.**
♣♣#.........## ♣.♣**
#...##....... ♣** #...##.####.#
#.....####...
#######......##....
******#....>..##.........
*,,,............##.......


There were no monsters in sight!

Vanquished Creatures
  An iguana (D:5)
  2 orcs (D:5)
3 creatures vanquished.

Notes
Turn   | Place    | Note
-------+----------+-------------------------------------------
     0 | D:5      | Esekla the Octopode Delver began the quest for the Orb.
     0 | D:5      | Reached XP level 1. HP: 16/16 MP: 1/1
    21 | D:5      | Found a glowing golden altar of the Shining One.
    30 | D:5      | Noticed an orc wizard
   140 | D:5      | Noticed an orc priest
   141 | D:5      | Noticed a bullfrog
   278 | D:5      | Found a staircase to the Ecumenical Temple.
   291 | Temple   | Entered the Ecumenical Temple
   291 | Temple   | Noticed a smoke demon
   291 | Temple   | Noticed a red devil
   291 | Temple   | Noticed an Ice Fiend
   292 | Temple   | Noticed Akai the pandemonium lord
   292 | Temple   | Noticed Esedghiu the pandemonium lord
   295 | Temple   | Noticed Terymampo the pandemonium lord
   296 | Temple   | Noticed an Executioner
   297 | Temple   | Noticed a green death
   332 | Temple   | Noticed an orange demon
   335 | Temple   | Noticed Pyneut the pandemonium lord
   336 | Temple   | Noticed an ice devil
   344 | Temple   | Noticed a rust devil
   352 | Temple   | Noticed Xaxide the pandemonium lord
   356 | Temple   | Noticed a red devil
   367 | Temple   | Noticed Rabiamip the pandemonium lord
   413 | D:5      | Noticed an iguana
   509 | D:5      | Noticed a scorpion
   542 | D:5      | Noticed an ogre
   544 | D:5      | Found a burning altar of Makhleb.
   559 | D:5      | Noticed an iguana
   560 | D:5      | Noticed an iguana
   565 | D:5      | Noticed a hound
   566 | D:5      | Identified the +3 long sword of Honour {elec, rN+}
   577 | D:5      | Killed an iguana
   578 | D:5      | Reached skill level 7 in Stealth
   578 | D:5      | Reached XP level 2. HP: 21/21 MP: 2/2
   578 | D:5      | Reached XP level 3. HP: 26/26 MP: 3/3
   593 | D:5      | Found a blossoming altar of Fedhas.
   595 | D:5      | Quit the game

Illustrated notes

Levels and vault maps discovered:
D:5:      layout_cave_pools, fedhas_altar_4, mainiacjoe_overflow_boulevard,
          mainiacjoe_overflow_paths, minmay_temple_entry_proselytizer
Temple:   nicolae_temple_panitentiary

Skill      XL: |  1 |
---------------+----+-----
Stealth        | 7 |  7.2
Fighting       | |  3.2
Long Blades    | |  2.2
Dodging        | |  2.2
Spellcasting   | |  0.5

Action                     || total
---------------------------++-------
  Melee: Falchion          ||     6
         Constrict         ||     3
         Long sword        ||     2
    Use: Scroll            ||     2
         Potion            ||     1
   Stab: Sleeping          ||     1
  Dodge: Dodged            ||     2

Table legend: (Time is in decaauts)
 A = Elapsed time spent in this place.
 B = Non-inter-level travel time spent in this place.
 C = Inter-level travel time spent in this place.
 D = Time resting spent in this place.
 E = Time spent auto-exploring this place.
 F = Levels seen in this place.
 G = Mean time per level.
                   A        B        C        D        E       F      G
               +--------+--------+--------+--------+--------+-----+--------+
         Total |    585 |    568 |     17 |    160 |     82 |   2 |  292.5 |
       Dungeon |    478 |    477 |      1 |    160 |      0 |   1 |  478.0 |
        Temple |    106 |     90 |     16 |      0 |     82 |   1 |  106.0 |
               +--------+--------+--------+--------+--------+-----+--------+

Top non-repeatable levels by time:
     D:5: 478 daAuts
  Temple: 106 daAuts
